[Event "XVIII La Palma-ch 2019"]
[Site "La Palma"]
[Date "2019.03.31"]
[Round "5.4"]
[White "Lopez Rodriguez, Hector"]
[Black "Garcia De La Banda, Francisco"]
[Result "0-1"]
[ECO "B07"]
[WhiteElo "2212"]
[BlackElo "1882"]
[Annotator "NA RC"]
[PlyCount "82"]
[EventDate "2019.03.29"]
[EventType "swiss"]
[EventCountry "ESP"]
[SourceTitle "playchess.com"]
[Source "ChessBase"]
[SourceQuality "1"]
[TimeControl "5400+30"]

1. e4 d6 2. d4 Nf6 3. Nc3 c6 4. f4 b5 {[%emt 0:00:58] LiveBook: 11 Games} (4... Qa5 5. Bd3 e5 6. Nf3 Bg4 7. Be3 Nbd7 8. O-O Be7 9. h3 Bxf3 10. Qxf3 O-O 11. Ne2 Bd8 12. c3 b5 13. a3 Qa4 14. Rad1 Qb3 15. Rd2 Nb6 16. dxe5 dxe5 17. fxe5 Nfd7 18. Nd4 Qa4 19. Nxc6 {1-0 (47) Karjakin,S (2753)-Petrosian,T (2598) St Petersburg 2018}) 5. e5 b4 6. exf6 {[%emt 0:01:22] B07: Pirc Defence: Miscellaneous Systems} bxc3 7. fxg7 Bxg7 8. bxc3 c5 9. Qf3 $146 ({Predecessor:} 9. Bb5+ Nd7 10. Bc6 Rb8 11. Ne2 Qb6 12. Bf3 {1-0 (31) Ascic,P (2387)-Oreskovic,P (2146) Vinkovci 2007}) 9... d5 10. Bb5+ Bd7 11. Bxd7+ ({Wrong is} 11. Qxd5 $2 Bxb5 12. Qxc5 (12. Qxa8 $2 {loses.} Bc6 $19) 12... a6 $19) 11... Qxd7 (11... Nxd7 $14 12. Qxd5 cxd4) 12. Ne2 ({Much worse is} 12. dxc5 $6 Na6 $11) 12... Nc6 13. Be3 ({White should try} 13. dxc5 $18 Rb8 14. O-O) 13... cxd4 14. cxd4 (14. Bxd4 $16 Nxd4 15. cxd4 (15. Nxd4 Rc8 $14)) 14... Na5 (14... Nb4 $14) 15. O-O Rc8 16. c3 Nc4 17. f5 h5 {[%emt 0:00:53] [#]} (17... Nxe3 $16 18. Qxe3 O-O) 18. Bg5 $1 Bh6 19. Qxh5 Bg7 20. Qg4 Nd6 {[%emt 0:10:21] [#]} 21. Bxe7 $1 {[%emt 0:14:17] Discovered Attack} Bh6 22. Bg5 Rg8 23. h4 Ne4 24. Qh5 Bxg5 25. hxg5 Rxg5 26. Qh8+ Ke7 27. Qe5+ Kf8 28. Rf3 f6 29. Qe6 ({Better is} 29. Qh2 $18) 29... Qxe6 30. fxe6 $16 Ke7 31. Nf4 Kd6 32. Rb1 Nd2 33. Rb7 Nxf3+ 34. Kf2 Nd2 35. Rd7+ Kc6 36. Rxa7 Ne4+ 37. Kf1 Kb6 38. Rf7 Rf5 39. g3 Nxg3+ 40. Kg2 Ne4 41. Nd3 Rg8+ 0-1

[Event "XVIII La Palma-ch 2019"]
[Site "La Palma"]
[Date "2019.04.01"]
[Round "6.1"]
[White "Guerra Arrocha, Daniel"]
[Black "Rodriguez Bittar, Karim Javier"]
[Result "1-0"]
[ECO "C55"]
[WhiteElo "2038"]
[BlackElo "1940"]
[Annotator "NA RC"]
[PlyCount "107"]
[EventDate "2019.03.29"]
[EventType "swiss"]
[EventCountry "ESP"]
[SourceTitle "playchess.com"]
[Source "ChessBase"]
[SourceQuality "1"]
[TimeControl "5400+30"]

1. e4 e5 2. Nf3 Nc6 3. Bc4 Nf6 4. d3 Be7 5. O-O d6 6. a4 O-O 7. Re1 Be6 8. Nbd2 h6 9. c3 Bxc4 {[%emt 0:01:45] C55: Two Knights: 4 d3, 4 d4 exd4 5 e5 and Max Lange Attack} 10. dxc4 $146 ({Predecessor:} 10. Nxc4 Re8 11. b4 Bf8 12. b5 Ne7 13. Ne3 Ng6 14. c4 c6 15. Rb1 Qd7 16. Qb3 Rad8 17. Bd2 d5 18. bxc6 bxc6 19. Ba5 Rc8 20. cxd5 cxd5 21. Nxd5 Nxd5 22. Qxd5 {½-½ (22) Pruijssers,R (2537)-Nikolic,P (2619) Netherlands 2014}) 10... Nh7 11. b4 Qd7 12. b5 Nd8 13. c5 Ne6 14. cxd6 cxd6 15. Nc4 Qc7 16. Ne3 Nc5 17. Nd5 Qd8 18. Ba3 Rc8 19. Nd2 Nf6 20. Nxf6+ Bxf6 21. Nc4 Be7 22. Qd5 Qc7 23. Nb2 (23. Ne3 $14) 23... Rfd8 24. Bb4 Qd7 25. Nc4 Qe6 26. Ne3 Kf8 27. Bxc5 Qxd5 28. Nxd5 ({Much weaker is} 28. exd5 Rxc5 29. g3 Rxc3 $17) 28... Rxc5 29. f3 Rd7 30. Red1 Bd8 31. Rd3 Bb6 32. Kf1 Rc8 33. a5 Bc5 34. Ra4 Ke8 35. Rd2 f6 36. Rda2 Rf7 37. g4 Kd7 38. b6 a6 39. Rc4 Rff8 (39... Kc6 $15) 40. Ra1 h5 41. h3 hxg4 42. hxg4 Rh8 43. Kg2 Rh7 44. Rh1 $1 Rxh1 45. Kxh1 Rh8+ 46. Kg2 Kc6 47. Ra4 Rh7 48. Ra1 Rh8 49. Rb1 Kd7 50. Kg3 Kc6 51. f4 Kd7 52. f5 Rh7 53. Nc7 $11 Rh8 54. Ne6 1-0

[Event "XVIII La Palma-ch 2019"]
[Site "La Palma"]
[Date "2019.04.01"]
[Round "6.2"]
[White "Rodriguez Miranda, Sergio"]
[Black "Haertl, Siegfried"]
[Result "1-0"]
[ECO "D36"]
[WhiteElo "1957"]
[BlackElo "1945"]
[Annotator "NA RC"]
[PlyCount "161"]
[EventDate "2019.03.29"]
[EventType "swiss"]
[EventCountry "ESP"]
[SourceTitle "playchess.com"]
[Source "ChessBase"]
[SourceQuality "1"]
[TimeControl "5400+30"]

1. d4 Nf6 2. c4 e6 3. Nc3 d5 4. cxd5 exd5 5. Bg5 Be7 6. e3 O-O 7. Qc2 c6 8. Bd3 h6 9. Bh4 Re8 10. Nf3 Nbd7 11. O-O Ne4 12. Bxe7 Qxe7 13. Rab1 a5 14. a3 Nf8 15. b4 {[%emt 0:02:07] D36: Queen's Gambit Declined: Exchange Variation: Main line (5 Bg5 c6 6 Qc2)} (15. Bxe4 dxe4 16. Nd2 Bf5 17. Rbe1 Bg6 18. Qb3 b5 19. a4 b4 20. Ne2 Ne6 21. Ng3 c5 22. Ndxe4 cxd4 23. exd4 Nxd4 {½-½ (40) Ismayilov,G (2401)-Sosulin,E (2373) Donskoj 2018}) 15... axb4 16. axb4 Ra3 17. Bxe4 dxe4 18. Ne5 $146 ({Predecessor:} 18. Nd2 Bf5 19. Nc4 Ra7 20. b5 Rc8 21. Nb6 Rd8 22. bxc6 bxc6 {1-0 (80) Bialy,R (2095)-Antoniewski,R Biala Podlaska 1994}) 18... f6 (18... Be6 $11 19. Qc1 (19. Nxe4 Bf5 $11) 19... Raa8 20. Nxe4 Bf5) 19. Nc4 Ra7 20. b5 Kh8 21. Rfc1 Be6 22. Nd2 ({Better is} 22. Nb6 $16) 22... f5 23. bxc6 bxc6 24. Na4 Rea8 (24... Bd5 $11) 25. Nb6 Ra2 26. Nxa8 (26. Qxc6 $18 R8a6 27. Ndc4 (27. Rc2 Qa3 $16)) 26... Rxc2 27. Rxc2 Qa3 28. Nb6 Qd3 {[%emt 0:00:39] [#]} 29. Rbc1 $1 Kh7 {[%emt 0:01:28] [#]} (29... Ng6 $16 30. Na4 Qa3) 30. Ndc4 (30. Nf1 $1 $18) 30... Ng6 31. Na4 (31. g3 $18 {has better winning chances.}) 31... Bxc4 32. Nc5 Qa3 33. Rxc4 f4 34. R4c3 ({Reject} 34. Nxe4 fxe3 35. R4c3 (35. Rxc6 Nf4 $17) 35... exf2+ 36. Nxf2 Qb2 $11) 34... Qb2 35. Nxe4 fxe3 36. fxe3 Nh4 $1 37. Nf2 Nf5 38. Nd1 (38. R3c2 $5 Qa3 39. Nd1 $16 (39. Rxc6 Qxe3 40. Rd1 Nxd4 $11)) 38... Qe2 39. Nf2 Nxe3 40. Rd3 Nd5 41. Rdd1 Qe6 42. Re1 Qg6 43. Nh3 Qg4 44. Rcd1 Ne3 45. Rd2 Nc4 46. Rd3 Nb2 47. Rd2 Nc4 48. Nf2 Qf4 49. Rdd1 Ne3 50. Rd3 Nc2 51. Re4 Qd6 52. h3 Nb4 53. Rf3 Nd5 54. Ng4 c5 55. dxc5 Qxc5+ 56. Ne3 Nf6 57. Rc4 Qb6 58. Kh1 Ne4 59. Nf1 Nf6 60. Ng3 Qb1+ 61. Kh2 Qb8 62. Rcf4 Qe5 63. Kh1 Qe1+ 64. Kh2 Qe5 65. Rf5 Qd6 66. Kh1 Qd1+ 67. Rf1 Qd3 (67... Qd6 $5 68. R5f3 Qe5 $14) 68. R5f3 Qc4 69. Nf5 Ne4 70. Rf4 Qd3 71. R1f3 Qd1+ 72. Kh2 Nd2 73. Rf2 Qe1 (73... g5 $5 74. Rd4 (74. Ne3 Nf1+ 75. Rxf1 Qd6 $11 {[%mdl 64] Pin}) 74... Nf1+ 75. Kh1 Ng3+ {[%mdl 64] Discovered Attack (Double check)} 76. Kh2 Nf1+ 77. Kh1 Ng3+ {[%mdl 64] Discovered Attack (Double check)} 78. Kh2 Nf1+ $11) 74. Ng3 Qe5 75. Rf5 Qd6 76. R5f4 Qe5 77. Rg4 h5 $18 (77... Qd5 $14) 78. Rf5 Qc7 79. Rxh5+ Kg8 80. Rhg5 Nf1+ {[%emt 0:00:04] Rf5 Qe5+ [%emt 00:00:04]} 81. Kh1 1-0

[Event "XVIII La Palma-ch 2019"]
[Site "La Palma"]
[Date "2019.04.01"]
[Round "6.3"]
[White "Garcia De La Banda, Francisco"]
[Black "Alonso Perez, Alfredo"]
[Result "0-1"]
[ECO "A45"]
[WhiteElo "1882"]
[BlackElo "1730"]
[Annotator "NA RC"]
[PlyCount "50"]
[EventDate "2019.03.29"]
[EventType "swiss"]
[EventCountry "ESP"]
[SourceTitle "playchess.com"]
[Source "ChessBase"]
[SourceQuality "1"]
[TimeControl "5400+30"]

1. f4 g6 2. Nf3 Bg7 3. e3 Nf6 4. d4 b6 5. Bd3 Bb7 6. O-O {[%emt 0:00:11] A45: Trompowsky Attack} (6. Qe2 d5 7. c3 O-O 8. h4 Ne4 9. Rh2 h5 10. Ng5 Qc8 11. Nd2 f5 {0-1 (51) Chigaev,M (2551)-Lintchevski,D (2522) St Petersburg 2016}) 6... O-O 7. Nbd2 d5 8. Qe2 Nbd7 9. c4 $146 ({Predecessor:} 9. Ne5 c5 10. c3 Qc7 11. b3 Nxe5 12. fxe5 Nd7 13. Bb2 e6 14. Qg4 Rae8 {0-1 (46) Niehaus,F (2220)-Lehmann,K (2331) Germany 2017}) 9... c5 10. b3 cxd4 11. exd4 dxc4 12. bxc4 e6 13. Bb2 Qc7 14. Ne5 Rac8 15. Rae1 Rfd8 {[%emt 0:05:08] [#]} 16. Nxf7 $1 Re8 17. Ng5 Nf8 18. Nge4 (18. Rc1 $18 {is more deadly.}) 18... Nh5 (18... Red8 $16) 19. Qg4 $2 (19. g3 $18) 19... Rcd8 20. Ng5 Bxd4+ 21. Bxd4 Rxd4 22. Re3 Nxf4 $2 ({Better is} 22... Red8 $19 23. Nxe6 Qc8) 23. Qg3 $4 (23. Nde4 $18 {and all is fine.} Bxe4 24. Nxe4) 23... Rxd3 24. Rxf4 Qc5 25. Rxf8+ Rxf8 $19 0-1

[Event "XVIII La Palma-ch 2019"]
[Site "La Palma"]
[Date "2019.04.01"]
[Round "6.4"]
[White "Ros Octavio De Toledo, Eduardo"]
[Black "Martin Rodriguez, Jose Carlos"]
[Result "1-0"]
[ECO "A54"]
[WhiteElo "2061"]
[BlackElo "1761"]
[Annotator "NA RC"]
[PlyCount "47"]
[EventDate "2019.03.29"]
[EventType "swiss"]
[EventCountry "ESP"]
[SourceTitle "playchess.com"]
[Source "ChessBase"]
[SourceQuality "1"]
[TimeControl "5400+30"]

1. c4 e5 2. Nc3 Nf6 3. Nf3 Nc6 4. g3 d6 5. Bg2 Be7 6. O-O {[%emt 0:00:18] LiveBook: 9 Games} O-O 7. d4 exd4 8. Nxd4 Ne5 9. b3 {[%emt 0:01:19] A54: Old Indian Defence with Nf3, but without e4} Bg4 $146 ({Predecessor:} 9... Re8 10. Bb2 Bf8 11. h3 h6 12. Qc2 Rb8 13. Rad1 Bd7 14. e4 Qc8 15. Kh2 a6 16. Nd5 Nxd5 17. cxd5 {½-½ (56) Lalic,B (2394)-Kathmale,S (2323) Pardubice 2018}) 10. Bxb7 Qd7 11. f4 c5 12. fxe5 Qxb7 13. exf6 Bxf6 14. Rxf6 cxd4 15. Nd5 Rae8 16. Rf2 Re4 17. Bb2 Rfe8 18. Bxd4 Bxe2 19. Qd2 Qd7 20. Re1 Qg4 21. Nf4 Bf3 22. Ref1 g5 23. Rxf3 gxf4 24. Rxf4 $18 1-0

[Event "XVIII La Palma-ch 2019"]
[Site "La Palma"]
[Date "2019.04.02"]
[Round "7.1"]
[White "Guerra Arrocha, Daniel"]
[Black "Rodriguez Miranda, Sergio"]
[Result "1/2-1/2"]
[ECO "D13"]
[WhiteElo "2038"]
[BlackElo "1957"]
[Annotator "NA RC"]
[PlyCount "62"]
[EventDate "2019.03.29"]
[EventType "swiss"]
[EventCountry "ESP"]
[SourceTitle "playchess.com"]
[Source "ChessBase"]
[SourceQuality "1"]
[TimeControl "5400+30"]

1. Nf3 Nf6 2. d4 d5 3. c4 c6 4. Nc3 e6 5. cxd5 cxd5 6. Bf4 a6 7. e3 Be7 8. Bd3 Nc6 9. a3 O-O 10. O-O b5 11. b4 Bb7 12. h3 h6 13. Qe2 Rc8 14. Rfc1 Bd6 15. Bxd6 Qxd6 16. Ra2 Rc7 17. Rac2 Rfc8 18. Nb1 Nb8 19. Ne5 Rxc2 20. Rxc2 Rxc2 21. Qxc2 Nc6 22. Nxc6 Qxc6 23. Qc3 Nd7 24. Kf1 Kf8 25. Ke2 Ke7 26. Qxc6 Bxc6 27. Kd2 Kd6 28. a4 Nb6 29. a5 Nc4+ 30. Kc3 Bb7 31. Nd2 Nxd2 1/2-1/2

[Event "XVIII La Palma-ch 2019"]
[Site "La Palma"]
[Date "2019.04.02"]
[Round "7.2"]
[White "Alonso Perez, Alfredo"]
[Black "Ros Octavio De Toledo, Eduardo"]
[Result "1/2-1/2"]
[ECO "A07"]
[WhiteElo "1730"]
[BlackElo "2061"]
[Annotator "NA RC"]
[PlyCount "121"]
[EventDate "2019.03.29"]
[EventType "swiss"]
[EventCountry "ESP"]
[SourceTitle "playchess.com"]
[Source "ChessBase"]
[SourceQuality "1"]
[TimeControl "5400+30"]

1. Nf3 Nf6 2. g3 d5 3. Bg2 c6 4. O-O Bg4 5. d3 Nbd7 6. h3 Bh5 7. g4 {[%emt 0:04:54] A07: Réti Opening: New York and Capablanca Systems} (7. Qe1 e5 8. e4 Bd6 9. exd5 Bxf3 10. Bxf3 Nxd5 11. Nc3 Nxc3 12. bxc3 O-O 13. a4 a5 14. Bg2 Qc7 {½-½ (75) Howell,D (2682)-Vitiugov,N (2732) Caleta 2018}) 7... Bg6 8. Bf4 Qb6 9. Nbd2 $146 ({Predecessor:} 9. b3 e5 10. Bxe5 Nxe5 11. Nxe5 Qd4 12. Nxg6 hxg6 13. Nd2 Bd6 14. Nf3 Qb6 {1-0 (29) Kokol,P (2271)-Koscak,J (1787) Nova Gorica 2012}) 9... e6 10. b3 Bc5 11. c3 a5 12. a3 O-O 13. b4 Be7 14. Nb3 axb4 15. axb4 Rfe8 16. Nbd2 Bf8 17. Qb3 Rxa1 18. Rxa1 e5 19. Bg3 e4 20. dxe4 $1 Nxe4 21. Nxe4 Bxe4 22. Qa4 g6 23. Qa5 (23. Nd4 $5 Bxg2 24. Kxg2 $11) 23... Bg7 24. Qxb6 Nxb6 25. Ra7 Bxc3 26. Rxb7 Nc4 27. Bf4 Kg7 28. Ng5 Bxg2 29. Nxf7 Rxe2 30. Nd6+ (30. Kxg2 $14 Kf8 31. Nd6 Nxd6 32. Bxd6+ Kg8 33. b5 cxb5 34. Rxb5) 30... Kf6 31. Nxc4 $2 (31. Kxg2 $15 Be1 32. Kg1) 31... dxc4 $2 (31... Bxh3 $19 32. Rxh7 Re1+ 33. Kh2 dxc4 34. Rxh3 Bxb4) 32. Kxg2 Bd4 33. Rc7 $2 (33. Rd7 $11 c5 34. Rd6+ Re6 35. bxc5 Rxd6 36. cxd6) 33... Ke6 $2 (33... Rxf2+ $19 {has better winning chances.} 34. Kg3 {[#]} Rxf4 $1 35. Rxc6+ Ke5) 34. Rxc6+ (34. Bg3 $17 c3 35. Kf3) 34... Kd5 35. Rd6+ Ke4 36. Re6+ Kd3 37. Rxe2 $2 (37. Rd6 Rxf2+ 38. Kg3 Rxf4 39. Kxf4) 37... Kxe2 38. h4 Bxf2 39. h5 gxh5 $2 (39... c3 40. b5 gxh5 41. gxh5 c2) 40. gxh5 c3 41. Bc1 Be3 42. Ba3 c2 (42... Kd3 $142 43. Kf3 Bb6) 43. b5 c1=Q 44. Bxc1 Bxc1 45. b6 Bf4 46. b7 h6 47. b8=Q $19 Bxb8 48. Kh1 Kf3 49. Kg1 Kg4 50. Kg2 Kxh5 51. Kh1 Kg4 52. Kg2 Bc7 53. Kh1 Kg3 54. Kg1 Bb6+ 55. Kh1 Bc7 56. Kg1 Bd6 57. Kh1 h5 58. Kg1 h4 59. Kh1 Kh3 60. Kg1 Bc5+ 61. Kh1 1/2-1/2

[Event "XVIII La Palma-ch 2019"]
[Site "La Palma"]
[Date "2019.04.02"]
[Round "7.4"]
[White "Rodriguez Rodriguez, Hector"]
[Black "Francisco Concepcion, Francisco"]
[Result "1-0"]
[ECO "C42"]
[WhiteElo "1780"]
[BlackElo "1494"]
[Annotator "NA RC"]
[PlyCount "123"]
[EventDate "2019.03.29"]
[EventType "swiss"]
[EventCountry "ESP"]
[SourceTitle "playchess.com"]
[Source "ChessBase"]
[SourceQuality "1"]
[TimeControl "5400+30"]

1. e4 e5 2. Nf3 Nf6 3. Nxe5 d6 4. Nf3 Nxe4 5. c4 Be7 6. Nc3 Nxc3 7. bxc3 O-O 8. d4 Bf6 9. Be2 c5 10. O-O Qa5 (10... Nc6 $11) 11. Qc2 Nc6 $11 12. Bg5 Qd8 13. Be3 d5 14. dxc5 dxc4 15. Rad1 Qc7 16. Ng5 Bxg5 17. Bxg5 Be6 18. Qe4 Qe5 19. Qxe5 Nxe5 20. Rfe1 Nd3 21. Bxd3 cxd3 22. Rxd3 Bxa2 23. Rd7 Rfc8 24. Rxb7 a5 25. Be3 a4 26. Ra1 Bb3 27. Ra3 Bd5 28. Rb4 Bc6 29. Kf1 Kf8 30. Ke2 Ke7 31. Bf4 f6 32. Bd6+ Kf7 33. f3 Re8+ 34. Kd2 g5 35. Rb6 Rec8 36. Ke3 f5 37. Kd4 Kf6 38. c4 h5 39. g3 Kg6 40. Ke5 Re8+ 41. Kd4 Rec8 42. Be7 Ra7 43. Bd6 Kf7 44. Ke5 Kg6 45. Kd4 Kf7 46. h4 g4 47. fxg4 hxg4 48. Be5 Rd7+ 49. Ke3 Ra7 50. Kf4 Be4 51. Bd6 Bc2 52. Rb2 Be4 53. h5 Rh8 54. Rh2 Ke6 55. h6 Rhh7 56. Rh5 Bc2 57. Bf8 Rac7 58. Rg5 Bb3 59. Rg7 Rhxg7 60. hxg7 Kf7 61. Kxf5 Bd1 62. Ke5 1-0

[Event "XVIII La Palma-ch 2019"]
[Site "La Palma"]
[Date "2019.04.02"]
[Round "7.5"]
[White "Martin Rodriguez, Miguel Angel"]
[Black "Martin Rodriguez, Miguel"]
[Result "1/2-1/2"]
[ECO "D00"]
[WhiteElo "1498"]
[BlackElo "1362"]
[Annotator "NA RC"]
[PlyCount "40"]
[EventDate "2019.03.29"]
[EventType "swiss"]
[EventCountry "ESP"]
[SourceTitle "playchess.com"]
[Source "ChessBase"]
[SourceQuality "1"]
[TimeControl "5400+30"]

1. d4 d5 2. e3 Nf6 3. Bd3 e6 4. Nd2 c5 5. c3 Be7 6. f4 b6 7. Ngf3 O-O 8. Ne5 Bb7 9. O-O Ne4 10. Qf3 f5 11. Kh1 Nc6 12. g4 cxd4 13. exd4 g6 $11 ({Black should try} 13... Nxe5 $19 14. fxe5 Bh4) 14. Nxc6 Bxc6 15. g5 Re8 16. h4 Kf7 17. Qh3 Rh8 18. Nf3 Bd6 19. Bxe4 dxe4 20. Ne5+ Bxe5 1/2-1/2

[Event "XVIII La Palma-ch 2019"]
[Site "La Palma"]
[Date "2019.04.02"]
[Round "7.5"]
[White "Martin Rodriguez, Miguel Angel"]
[Black "Martin Rodriguez, Miguel Angel"]
[Result "*"]
[ECO "D00"]
[WhiteElo "1498"]
[BlackElo "1498"]
[Annotator "NA RC"]
[PlyCount "58"]
[EventDate "2019.03.29"]
[EventType "swiss"]
[EventCountry "ESP"]
[SourceTitle "playchess.com"]
[Source "ChessBase"]
[SourceQuality "1"]
[TimeControl "5400+30"]

1. d4 d5 2. e3 Nf6 3. Bd3 e6 4. Nd2 c5 5. c3 Be7 6. f4 b6 7. Ngf3 O-O 8. Ne5 Bb7 9. O-O Ne4 10. Qf3 f5 11. Kh1 Nc6 12. g4 cxd4 13. exd4 g6 $11 ({Black should try} 13... Nxe5 $19 14. fxe5 Bh4) 14. Nxc6 Bxc6 15. g5 Re8 16. h4 Kf7 17. Qh3 Rh8 18. Nf3 Bd6 19. Bxe4 dxe4 20. Ne5+ Bxe5 21. fxe5 Qd5 22. Be3 b5 23. Kg2 Rab8 24. Kf2 b4 25. h5 bxc3 26. bxc3 Rb2+ 27. Kg3 Rxa2 28. hxg6+ Kxg6 29. Qh6+ Kf7 *

[Event "XVIII La Palma-ch 2019"]
[Site "La Palma"]
[Date "2019.04.02"]
[Round "7.6"]
[White "Otero Campos, Sofia"]
[Black "Bethencourt Hernandez, Alberto"]
[Result "1/2-1/2"]
[ECO "A48"]
[WhiteElo "1323"]
[BlackElo "1225"]
[Annotator "NA RC"]
[PlyCount "43"]
[EventDate "2019.03.29"]
[EventType "swiss"]
[EventCountry "ESP"]
[SourceTitle "playchess.com"]
[Source "ChessBase"]
[SourceQuality "1"]
[TimeControl "5400+30"]

1. d4 Nf6 2. Bf4 g6 3. e3 Bg7 4. Nf3 d6 5. Be2 O-O 6. O-O c6 7. c4 Bf5 8. Nc3 Nbd7 9. h3 Nb6 10. Rc1 Re8 11. b4 Be6 12. c5 Nbd5 13. Nxd5 Nxd5 14. Bc4 Nxf4 15. exf4 Bxc4 16. Rxc4 d5 17. Rc2 Qc7 18. Qd2 Bh6 19. g3 Qd7 20. Kg2 Qf5 21. Qe2 Bg7 22. Rd2 1/2-1/2

[Event "XVIII La Palma-ch 2019"]
[Site "La Palma"]
[Date "2019.04.02"]
[Round "7.7"]
[White "Haertl, Siegfried"]
[Black "Hernandez Concepcion, Mario"]
[Result "1-0"]
[ECO "D02"]
[WhiteElo "1945"]
[BlackElo "1097"]
[Annotator "NA RC"]
[PlyCount "69"]
[EventDate "2019.03.29"]
[EventType "swiss"]
[EventCountry "ESP"]
[SourceTitle "playchess.com"]
[Source "ChessBase"]
[SourceQuality "1"]
[TimeControl "5400+30"]

1. d4 d5 2. Nf3 Nf6 3. Bf4 Nc6 4. e3 Bf5 5. Bb5 Bd7 6. O-O {[%emt 0:00:38] D02: 1 d4 d5 2 Nf3 sidelines, including 2...Nf6 3 g3 and 2...Nf6 3 Bf4} e6 7. Nbd2 Bd6 8. Bg3 $146 ({Predecessor:} 8. Bg5 h6 9. Bh4 g5 10. Bg3 Bxg3 11. hxg3 g4 12. Bxc6 Bxc6 13. Ne5 {0-1 (45) Aliaga Salinas,R (1952)-Oncoy Custodio,J (1475) Lima 2013}) 8... O-O 9. c4 Ne7 10. Ne5 Bxb5 11. cxb5 Ng6 12. Rc1 Rc8 13. a4 Nd7 14. f4 Ndxe5 15. dxe5 Be7 16. Nb3 f6 17. Nd4 Qd7 18. Qg4 f5 19. Qe2 c5 20. bxc6 bxc6 21. Qa6 Rc7 ({Black should try} 21... c5 $1 $14 22. Qxe6+ (22. Nxe6 Rfe8 $11) 22... Qxe6 23. Nxe6 Rfe8) 22. Rxc6 Rxc6 23. Qxc6 ({Don't do} 23. Nxc6 $6 Bc5 $14) 23... Qxc6 24. Nxc6 Bc5 {[%emt 0:00:21] [#]} 25. Bf2 (25. b4 $1 $16 Bxe3+ 26. Bf2 Bxf2+ 27. Rxf2) 25... Rc8 26. Na5 Bb6 27. Nb3 Rc2 (27... d4 $14 28. exd4 (28. Nxd4 Bxd4 29. exd4 Nxf4 $11) 28... Nxf4) 28. a5 Rxb2 $2 (28... Bc5 $16 29. Ra1 (29. Nxc5 Rxc5 30. b4 Rb5 $16) 29... a6) 29. axb6 Rxb3 30. bxa7 Ra3 {[%emt 0:00:11] [#]} 31. e4 $1 fxe4 32. Rb1 $18 Kf7 33. Rb7+ Ne7 34. Rxe7+ Kxe7 35. Bc5+ 1-0

[Event "XVIII La Palma-ch 2019"]
[Site "La Palma"]
[Date "2019.04.02"]
[Round "7.8"]
[White "Martin Rodriguez, Jose Carlos"]
[Black "Bethencourt Hernandez, Valeria"]
[Result "1-0"]
[ECO "C41"]
[WhiteElo "1761"]
[BlackElo "1239"]
[Annotator "NA RC"]
[PlyCount "117"]
[EventDate "2019.03.29"]
[EventType "swiss"]
[EventCountry "ESP"]
[SourceTitle "playchess.com"]
[Source "ChessBase"]
[SourceQuality "1"]
[TimeControl "5400+30"]

1. e4 e5 2. Nf3 Nf6 3. Nc3 d6 4. Bc4 Be7 5. d4 Bg4 6. h3 exd4 7. Qxd4 Nc6 8. Qd2 Ne5 9. Nxe5 dxe5 10. hxg4 Nxg4 11. Qe2 Nf6 12. Bg5 Nd7 13. Bxe7 Qxe7 14. Rd1 O-O-O 15. Rd5 Qg5 16. O-O h5 17. Qe3 Qxe3 18. fxe3 f6 19. Rfd1 h4 20. Be2 c6 21. Rd6 Kc7 22. Bg4 Nb6 23. Rxd8 Rxd8 24. Rxd8 Kxd8 25. b3 Na8 26. Kf2 Nc7 27. a3 b6 28. Ke2 Ke7 29. Kd2 Ne8 30. Ne2 Nd6 31. Nc3 Nf7 32. Ke2 Nd6 33. Kf2 g6 34. Bf3 Kf7 35. Kg1 Kg7 36. Kh2 Kh6 37. Be2 f5 38. Bf3 c5 39. a4 Kg5 40. Kg1 Kf6 41. Kf2 Ke6 42. Ke1 Kd7 43. Nd5 Ke6 44. exf5+ gxf5 45. Nc7+ Kf6 46. Nb5 Nxb5 47. axb5 f4 48. Ke2 Kf5 49. Kd3 Ke6 50. exf4 exf4 51. Ke4 Kd6 52. Kxf4 Ke6 53. Kg4 Kf6 54. Kxh4 Kg6 55. Kg4 Kg7 56. Kf5 Kf7 57. g4 Kg7 58. g5 Kh8 59. Kf6 1-0